 Dungeon Crawl Stone Soup version 0.23-a0-730-g0b75920 (console) character file.

24 Duffy the Skirmisher (level 3, 21/34 HPs)
             Began as a Naga Fighter on Jan 17, 2019.
             Quit the game on level 3 of the Dungeon.
             The game lasted 00:00:32 (90 turns).

Duffy the Skirmisher (Naga Fighter)                   Turns: 90, Time: 00:00:33

Health: 21/34      AC:  4    Str: 19    XL:     3   Next: 2%
Magic:  3/3        EV:  5    Int:  8    God:
Gold:   0          SH:  9    Dex: 10    Spells: 2/2 levels left

rFire    . . .     SeeInvis +   a - +0 war axe
rCold    . . .     Gourm    .   c - +0 shield
rNeg     . . .     Faith    .   b - +0 scale mail
rPois    +         Spirit   .   (no helmet)
rElec    .         Reflect  .   (no cloak)
rCorr    .         Harm     .   (no gloves)
MR       .....                  (no barding)
Stlth    ..........             (no amulet)
HPRegen  0.11/turn              (no ring)
MPRegen  0.08/turn              (no ring)

@: very slow
A: large, see invisible, deformed body, poison resistance, slowness 2, slow
metabolism 1, spit poison 1, AC +1
a: Spit Poison


You were on level 3 of the Dungeon.
You were not hungry.

You visited 1 branch of the dungeon, and saw 3 of its levels.

Inventory:

Hand Weapons
 a - a +0 war axe (weapon)
Armour
 b - a +0 scale mail (worn)
 c - a +0 shield (worn)
Scrolls
 e - a scroll of noise {unknown}
 g - a scroll of enchant weapon {unknown}
Potions
 d - a potion of might
Comestibles
 f - a ration


   Skills:
 - Level 3.0 Fighting
 + Level 2.7 Axes
 - Level 2.4 Armour
 + Level 2.9 Shields


You had 2 spell levels left.
You didn't know any spells.
Your spell library was empty.

Dungeon Overview and Level Annotations

Branches:
Dungeon (3/15)

Altars:


Innate Abilities, Weirdness & Mutations

You cannot wear boots.
Your serpentine skin is tough. (AC +1)
You have supernaturally acute eyesight. (SInv)
Armour fits poorly on your strangely shaped body.
Your system is resistant to poisons. (rPois)
You cover ground very slowly.
You have a slow metabolism.
You can spit poison.


Message History

You miss the adder.
The adder is moderately wounded.
The adder looks more healthy.
The adder bites you but does no damage. You block the adder's attack.
You hit the adder but do no damage.
The adder is moderately wounded.
The adder bites you. x2
Your shield and scale mail prevent you from hitting the adder.
The adder is moderately wounded.
The adder bites you but does no damage. The adder bites you.
You closely miss the adder.
The adder is moderately wounded.
You block the adder's attack. x2
You slash the adder!
You kill the adder!
You have reached level 3!
Your experience leads to an increase in your attributes!
Increase (S)trength, (I)ntelligence, or (D)exterity?
You feel stronger.
Your skin feels tougher.
Are you sure you want to abandon this character and quit the game? (Confirm with "yes".)

##############.
#.@........#..
#............#
#.........?#
#..........#
#......%...#
#..........#
#######..###
...# .##..


There were no monsters in sight!

Vanquished Creatures
  2 adders (D:3)
  A leopard gecko (D:3)
  A ball python (D:3)
  A giant cockroach (D:2)
  A bat (D:3)
  A kobold (D:3)
7 creatures vanquished.

Notes
Turn   | Place    | Note
-------+----------+-------------------------------------------
     0 | D:1      | Duffy the Naga Fighter began the quest for the Orb.
     0 | D:1      | Reached XP level 1. HP: 21/21 MP: 1/1
    55 | D:3      | Reached XP level 2. HP: 24/28 MP: 2/2
    84 | D:3      | Reached XP level 3. HP: 20/34 MP: 3/3
    90 | D:3      | Quit the game

Vault maps used:
D:1:      lightli_molten_gateway, minmay_misc_feat_rows
D:2:      fedhas_altar_2, uniq_crazy_yiuf_cottage
D:3:      marbit_many_paths, uniq_natasha

Action                   || total
-------------------------++-------
Melee: War axe           ||    22
 Abil: Spit Poison       ||     1
Armor: Scale mail        ||    22
Dodge: Dodged            ||    10
Block: Shield            ||    14

Table legend:
 A = Non-vault XP
 B = Vault XP
 C = Vault XP percentage of total XP
 D = Non-vault monster count
 E = Vault monster count
 F = Vault count percentage of total count
                 A         B        C        D         E       F
            +---------+---------+-------+---------+---------+-------
      Total |      35 |       0 |   0.0 |       7 |       0 |   0.0
            +---------+---------+-------+---------+---------+-------
        D:2 |       2 |       0 |   0.0 |       1 |       0 |   0.0
        D:3 |      33 |       0 |   0.0 |       6 |       0 |   0.0
            +---------+---------+-------+---------+---------+-------
